 Dungeon Crawl Stone Soup version 0.28.0-53-g5a82cb258f (webtiles) character file.

Game seed: 14191111087900184540

1 GigaChad the Firebug (level 1, 0/13 HPs)
             Began as a Formicid Fire Elementalist on Aug 20, 2022.
             Slain by a kobold
             ... wielding a +0 short sword
              (1 damage)
             ... on level 1 of the Dungeon.
             The game lasted 00:00:51 (123 turns).

GigaChad the Firebug (Formicid Fire Elementalist)    Turns: 123, Time: 00:00:51

Health: 0/13       AC:  2    Str: 12    XL:     1   Next: 22%
Magic:  3/3        EV: 12    Int: 14    God:
Gold:   0          SH:  0    Dex: 11    Spells: 3/4 levels left

rFire   . . .      SeeInvis +   (no weapon)
rCold   . . .      Faith    .   (no shield)
rNeg    . . .      Spirit   .   a - +0 robe
rPois   .          Reflect  .   (helmet unavailable)
rElec   .          Harm     .   (no cloak)
rCorr   .          Rampage  .   (no gloves)
Will    .....                   (no boots)
Stlth   ++........              (no amulet)
HPRegen 0.04/turn               (no ring)
MPRegen 0.08/turn               (no ring)

@: no status effects
A: permanent stasis, dig shafts and tunnels, antennae 3, four strong arms
a: Dig, Shaft Self


You were on level 1 of the Dungeon.
You visited 1 branch of the dungeon, and saw 1 of its levels.

Inventory:

Armour
 a - a +0 robe (worn)
Scrolls
 b - a scroll of enchant weapon {unknown}


   Skills:
 + Level 1.8 Dodging
 + Level 2.4 Stealth
 + Level 2.2 Spellcasting
 + Level 0.8 Conjurations
 + Level 3.0 Fire Magic


You had 3 spell levels left.
You knew the following spells:

 Your Spells              Type           Power      Damage    Failure   Level
a - Foxfire               Conj/Fire      24%        2x1d5     11%         1

Your spell library contained the following spells:

 Spells                   Type           Power      Damage    Failure   Level
 Scorch                   Fire           18%        2d6       11%         2
 Conjure Flame            Conj/Fire      6%         6-21      32%         3
 Inner Flame              Hex/Fire       5%         N/A       36%         3
 Flame Wave               Conj/Fire      6%         2d5       71%         4
 Manifold Assault         Tloc           1%         N/A       100%        5
 Storm Form               Tmut/Air       0%         N/A       100%        7
 Blink                    Tloc           Unusable   N/A       N/A         2

Dungeon Overview and Level Annotations

Branches:
Dungeon (1/15)

Altars:

Shops:
D:1 (


Innate Abilities, Weirdness & Mutations

You cannot be hasted, slowed, berserked, paralysed or teleported.
You can dig through walls and to a lower floor.
You have a pair of large antennae on your head. (SInv)
Your four strong arms can wield two-handed weapons with a shield.


Message History

Found a scroll labelled SUSAIPH QEAVVE and a scale mail.
Found an Inescapable Atlas.
b - a scroll labelled SUSAIPH QEAVVE You pick up an Inescapable Atlas and begin reading...
You add the spells Manifold Assault and Storm Form to your library.
Casting: Foxfire (safe; 11% risk of failure)
Confirm with . or Enter, or press ? or * to list all spells.
You don't know that spell.
Okay, then.
A rat comes into view.
A rat is nearby!
A rat is nearby!
A rat is nearby!
A rat is nearby!
A rat is nearby!
A rat is nearby!
A kobold comes into view. It is wielding a +0 short sword.
You barely miss the rat. You hit the rat.
You kill the rat!
The kobold shouts!
You see here a rat corpse.
A goblin comes into view. It is wielding a +0 club.
Found Pusselah's Weapon Emporium.
Found a stone staircase leading down.
You closely miss the kobold.
The kobold hits you with a +0 short sword.
You hit the kobold.
The kobold is moderately wounded.
The kobold closely misses you.
You closely miss the kobold.
The kobold is moderately wounded.
The kobold hits you with a +0 short sword.
You hit the kobold but do no damage.
The kobold is moderately wounded.
The kobold hits you with a +0 short sword.
* * * LOW HITPOINT WARNING * * *
You completely miss the kobold.
The kobold is moderately wounded.
The kobold hits you with a +0 short sword.
You die...

.∩ #g. #... #...#
.#...##########
>..............
#...@K..#
#.......# #######
#.......#
#.....###...†...##
#................#
#.....###........#
#.....# #........#
#.....# #........#
####.....#
#..........


You could see a kobold.

Vanquished Creatures
  2 rats (D:1)
2 creatures vanquished.

Notes
Turn   | Place    | Note
-------+----------+-------------------------------------------
     0 | D:1      | GigaChad the Formicid Fire Elementalist began the quest for
                  | the Orb.
     0 | D:1      | Reached XP level 1. HP: 13/13 MP: 3/3
   117 | D:1      | Found Pusselah's Weapon Emporium.
   123 | D:1      | Slain by a kobold

Illustrated notes

Levels and vault maps discovered:
D:1:      minmay_arrival_three_doors, layout_basic, serial_shops, shop,
          minmay_misc_feat_enclosed, patterned_corridor

Action                   || total
-------------------------++-------
Melee: Unarmed           ||    10
       Punch             ||     1
Dodge: Dodged            ||     2
